 Dungeon Crawl Stone Soup version 0.27-a0-1206-g6342a01c75 (webtiles) character file.

Game seed: 15355184420823023011

3648 27snakeeyes612 the Covered (level 10, -6/79 HPs)
             Began as a Naga Fighter on June 5, 2021.
             Was an Initiate of Cheibriados.
             Mangled by a gargoyle
             ... wielding a +0 flail
              (19 damage)
             ... on level 9 of the Dungeon.
             The game lasted 00:06:38 (9913 turns).

27snakeeyes612 the Covered (Naga Fighter)           Turns: 9913, Time: 00:06:39

Health: -6/79      AC: 15    Str: 23    XL:     10   Next: 12%
Magic:  10/10      EV:  7    Int: 14    God:    Cheibriados [......]
Gold:   399        SH: 10    Dex: 11    Spells: 9/9 levels left

rFire    . . .     SeeInvis +   p - +11 long sword of the Assorted Realms {venom, rPois Will+ Int+4}
rCold    . . .     Faith    .   c - +0 kite shield
rNeg     + . .     Spirit   .   b - +0 scale mail
rPois    +         Reflect  .   (no helmet)
rElec    .         Harm     .   u - +0 cloak
rCorr    .         Rampage  .   (no gloves)
Will     ++...                  (no barding)
Stlth    +.........             (no amulet)
HPRegen  0.23/turn              h - +4 ring of protection
MPRegen  0.12/turn              n - ring of positive energy

@: very slow
A: AC +3, large, see invisible, deformed body, poison resistance, slowness 2,
spit poison 1, naga tail 1, iridescent scales 1, frail 1
a: Spit Poison, Renounce Religion, Bend Time


You were on level 9 of the Dungeon.
You worshipped Cheibriados.
Cheibriados was noncommittal.
You visited 2 branches of the dungeon, and saw 10 of its levels.

You collected 399 gold pieces.

Inventory:

Hand Weapons
 a - a +0 war axe
 p - the +11 long sword of the Assorted Realms (weapon) {venom, rPois Will+ Int+4}
   (You found it on level 6 of the Dungeon)

   It poisons the flesh of those it strikes.
   It affects your intelligence (+4).
   It protects you from poison.
   It increases your willpower.
Missiles
 v - a throwing net
 E - 2 atropa-tipped darts
Armour
 b - a +0 scale mail (worn)
 c - a +0 kite shield (worn)
 u - a +0 cloak (worn)
Jewellery
 h - a +4 ring of protection (left hand)
 n - a ring of positive energy (right hand)
 H - a ring of protection from fire
Wands
 w - a wand of charming (9)
 D - a wand of paralysis (9)
 G - a wand of iceblast (7)
Scrolls
 e - 2 scrolls of fear {unknown}
 f - 4 scrolls of teleportation {unknown}
 g - a scroll of noise {unknown}
 i - 7 scrolls of identify {unknown}
 j - 4 scrolls of magic mapping {unknown}
 l - 2 scrolls of blinking {unknown}
 m - a scroll of vulnerability {unknown}
 o - 2 scrolls of immolation {unknown}
 q - a scroll of torment {unknown}
 s - a scroll of enchant armour {unknown}
 y - a scroll of amnesia {unknown}
 B - a scroll of fog {unknown}
 F - a scroll of acquirement {unknown}
Potions
 d - 5 potions of haste
 k - a potion of lignification {unknown}
 r - 2 potions of brilliance {unknown}
 t - a potion of attraction {unknown}
 x - 2 potions of heal wounds {unknown}
 z - a potion of might
 A - a potion of cancellation {unknown}
 C - a potion of curing {unknown}


   Skills:
 + Level 5.4 Fighting
 + Level 5.8 Long Blades
 + Level 6.4 Axes
 + Level 6.8 Armour
 + Level 2.8 Dodging
 + Level 3.7 Stealth
 + Level 5.0 Shields
 + Level 0.8 Evocations


You had 9 spell levels left.
You didn't know any spells.
Your spell library contained the following spells:

 Spells                   Type           Power      Damage    Failure   Level
 Beastly Appendage        Tmut           0%         N/A       83%         1
 Corona                   Hex            0%         N/A       83%         1
 Foxfire                  Conj/Fire      0%         2x1d4     83%         1
 Freeze                   Ice            0%         1d3       83%         1
 Magic Dart               Conj           0%         1d3       83%         1
 Pain                     Necr           0%         1d4       83%         1
 Conjure Flame            Conj/Fire      0%         6-21      99%         3
 Inner Flame              Hex/Fire       0%         N/A       99%         3
 Sticky Flame             Conj/Fire      0%         2d3       100%        4
 Fireball                 Conj/Fire      0%         3d3       100%        5


Dungeon Overview and Level Annotations

Branches:
Dungeon (9/15)             Temple (1/1) D:5            Lair (0/6) D:8
    Orc: D:9-12

Altars:
Cheibriados
Dithmenos
Elyvilon
Fedhas
Gozag
Hepliaklqana
Kikubaaqudgha
Makhleb
Nemelex Xobeh
Okawaru
Qazlal
Ru
Trog
Uskayaw
Vehumet
Xom
Yredelemnul
Zin
The Shining One
Lugonu

Shops:
D:6 :   D:8 (


Innate Abilities, Weirdness & Mutations

Your serpentine skin is tough. (AC +3)
You have supernaturally acute eyesight. (SInv)
Armour fits poorly on your strangely shaped body.
Your system is resistant to poisons. (rPois)
You cover ground very slowly.
You can spit poison.
You have a snake-like lower body.
You are partially covered in iridescent scales. (AC +2)
You are frail. (-10% HP)


Message History

You block the gargoyle's attack.
You closely miss the gargoyle.
The gargoyle is moderately damaged.
You block the gargoyle's attack.
You hit the gargoyle but do no damage.
The gargoyle is moderately damaged.
The gargoyle hits you with a +0 flail! The gargoyle barely misses you.
You hit the gargoyle.
The gargoyle is heavily damaged.
The gargoyle hurls a stone arrow at you.
You block the stone arrow.
You hit the gargoyle.
The gargoyle is heavily damaged.
The gargoyle hits you but does no damage.
You slash the gargoyle!
The gargoyle is almost destroyed.
The gargoyle hurls a stone arrow at you.
You block the stone arrow.
You hit the gargoyle but do no damage.
The gargoyle is almost destroyed.
The gargoyle hits you with a +0 flail.
The gargoyle hurls a stone arrow at you.
You block the stone arrow.
You barely miss the gargoyle.
The gargoyle is almost destroyed.
The gargoyle hurls a stone arrow at you.
The stone arrow hits you!!
You are too injured to fight recklessly!
You are too injured to fight recklessly!
You barely miss the gargoyle.
The gargoyle is almost destroyed.
The gargoyle hits you with a +0 flail!!
* * * LOW HITPOINT WARNING * * *
You hit the gargoyle but do no damage.
The gargoyle is almost destroyed.
The gargoyle closely misses you.
You hit the gargoyle but do no damage.
The gargoyle is almost destroyed.
The gargoyle hits you with a +0 flail!!
You die...

#.#.### ## ###.###.# ##.
#...# ##+.+## #..##.####..
#..###+.....+###..........
########..#
#.......#8#..######.#
#.........##+............#
#.#
..#######.##....8........#
#.. #.# +...........## ###
#.# #.......#8#.# #
#.###+..@..)###.# # #..#
##9.'##.#..# #######
##.###?###8###.## #......
#...#######...####.#####
###....................#
#########.######.###.# #.#
###..##.. #.# #........
#.## #.####.##


You could see a gargoyle.

Vanquished Creatures
  A gargoyle (D:9)
  Sigmund (D:4)
  3 water moccasins
  An ice beast (D:6)
  4 sky beasts
  2 orc warriors
  2 ogres (D:5)
  A phantom (D:6)
  5 centaurs
  2 bullfrogs
  4 scorpions
  A wyvern zombie (D:8)
  4 killer bees (D:9)
  A bullfrog zombie (D:6)
  3 hounds
  Crazy Yiuf (D:6)
  5 orc priests
  A centaur zombie (D:7)
  A jelly (D:7)
  A bullfrog skeleton (D:4)
  A gnoll shaman (D:7)
  Ijyb (D:4)
  An iguana (D:5)
  10 orc wizards
  A hound skeleton (D:4)
  A howler monkey zombie (D:6)
  A howler monkey skeleton (D:4)
  7 adders
  10 gnolls
  A white imp (D:6)
  A worm (D:4)
  A dart slug (D:4)
  16 orcs
  3 ball pythons
  5 bats
  7 endoplasms
  5 giant cockroaches
  2 goblins (D:1)
  5 hobgoblins
  2 jackals (D:4)
  11 kobolds
  3 frilled lizards
  4 rats
143 creatures vanquished.

Vanquished Creatures (others)
  An orc wizard (D:5)
  An orc (D:4)
  A plant (D:1)
3 creatures vanquished.

Grand Total: 146 creatures vanquished

Notes
Turn   | Place    | Note
-------+----------+-------------------------------------------
     0 | D:1      | 27snakeeyes612 the Naga Fighter began the quest for the
                  | Orb.
     0 | D:1      | Reached XP level 1. HP: 21/21 MP: 1/1
   536 | D:1      | Reached XP level 2. HP: 18/28 MP: 2/2
   722 | D:1      | Found a faded altar of an unknown god.
   778 | D:1      | Reached XP level 3. HP: 34/34 MP: 3/3
  1395 | D:2      | Identified The Arcane Arts for Rookies
  1457 | D:2      | HP: 1/34 [poisoned by an adder]
  2215 | D:3      | Found a bloodstained altar of Trog.
  2215 | D:3      | Noticed a scorpion
  2218 | D:3      | Killed a scorpion
  2219 | D:3      | Reached XP level 4. HP: 42/42 MP: 4/4
  2234 | D:3      | Reached XP level 5. HP: 49/49 MP: 5/5
  2930 | D:4      | Reached XP level 6. HP: 16/56 MP: 6/6
  3218 | D:4      | Noticed Ijyb
  3233 | D:4      | Paralysed by Ijyb for 3 turns
  3237 | D:4      | Killed Ijyb
  3320 | D:4      | Noticed Sigmund
  3334 | D:4      | Killed Sigmund
  3335 | D:4      | Reached skill level 1 in Stealth
  3335 | D:4      | Reached XP level 7. HP: 52/63 MP: 7/7
  3926 | D:5      | Entered Level 5 of the Dungeon
  3944 | D:5      | Reached skill level 1 in Dodging
  4124 | D:5      | Found a staircase to the Ecumenical Temple.
  4607 | D:5      | Found an opulent altar of Gozag.
  4675 | D:5      | Found a sparkling altar of Nemelex Xobeh.
  4677 | D:5      | Gained mutation: You are frail. (-10% HP) [potion of
                  | mutation]
  4677 | D:5      | Lost mutation: You are frail. (-10% HP) [potion of
                  | mutation]
  4677 | D:5      | Gained mutation: You are frail. (-10% HP) [potion of
                  | mutation]
  4677 | D:5      | Gained mutation: You are partially covered in iridescent
                  | scales. (AC +2) [potion of mutation]
  4924 | D:5      | Reached skill level 5 in Axes
  5120 | D:5      | Reached XP level 8. HP: 50/64 MP: 8/8
  5749 | D:6      | Identified the +11 long sword of the Assorted Realms
                  | {venom, rPois Will+ Int+4}
  5828 | D:6      | Reached skill level 5 in Armour
  5849 | D:6      | Found a stormy altar of Qazlal.
  5924 | D:6      | Found a glowing golden altar of the Shining One.
  6042 | D:6      | Found Awkebumm's Book Shoppe.
  6101 | D:6      | Found a runed translucent door.
  6102 | D:6      | Noticed Crazy Yiuf
  6165 | D:6      | Reached skill level 1 in Long Blades
  6191 | D:6      | Found an ancient bone altar of Kikubaaqudgha.
  6193 | D:6      | Found a hazy altar of Hepliaklqana.
  6195 | D:6      | Found a burning altar of Makhleb.
  6324 | D:6      | Reached XP level 9. HP: 71/71 MP: 9/9
  6486 | D:6      | Found a basalt altar of Yredelemnul.
  7014 | D:6      | Killed Crazy Yiuf
  7571 | D:7      | Found a sacrificial altar of Ru.
  8033 | D:7      | Found a shimmering altar of Xom.
  8349 | D:8      | Reached skill level 5 in Fighting
  8567 | D:8      | Found Liasioh's Antique Weapon Shoppe.
  8755 | D:8      | Reached skill level 5 in Long Blades
  8908 | D:8      | Found a staircase to the Lair.
  9146 | D:9      | Found a hide-covered altar of Uskayaw.
  9307 | D:9      | Reached XP level 10. HP: 77/79 MP: 10/10
  9379 | Temple   | Entered the Ecumenical Temple
  9393 | Temple   | Became a worshipper of Cheibriados the Contemplative
  9730 | D:9      | Noticed a gargoyle
  9735 | D:9      | Killed a gargoyle
  9736 | D:9      | Reached skill level 5 in Shields
  9897 | D:9      | Noticed a gargoyle
  9913 | D:9      | Mangled by a gargoyle

Illustrated notes

Levels and vault maps discovered:
D:1:      scummos_arrival_forest, layout_loops_cross,
          shapermc_ecumenical_altar_mp_highgroup, serial_bayou_pond_d,
          minmay_misc_feat_columns
D:2:      layout_rooms
D:3:      layout_rooms, trog_three_pillars_becter, st_stairs_9
D:4:      layout_loops_ring, minmay_misc_feat_cross, uniq_ijyb, uniq_sigmund
D:5:      layout_loops_ring, nemelex_dance_club_becter, lemuel_crystal_altar,
          minmay_temple_entry_statues_pillars, nicolae_zen_rock_garden
D:6:      layout_layer_cave, lemuel_zombie_altar_yredelemnul,
          general_overflow_altar, grunt_temple_overflow_open,
          grunt_qazlal_clouds, serial_shops, shop, uniq_crazy_yiuf_cottage
D:7:      layout_cave_pools, hangedman_ru_absence, lemuel_round_altar
D:8:      layout_basic, lair_entry_dummy, serial_shops, shop, minivault_21
D:9:      cheibrodos_statue_roulette, layout_loops_corners, old_standard_altar,
          kennysheep_cross_room, dk_rats_in_the_wall
Temple:   corrupted_temple

Skill      XL: |  1  2  3  4  5  6  7  8  9 10 |
---------------+-------------------------------+-----
Armour         | 3 4 5 6 |  6.8
Shields        | 3 4 5 |  5.0
Axes           | 3 4 5 6 |  6.4
Stealth        | 1 3 |  3.7
Fighting       | 4 5 |  5.4
Dodging        | 1 2 |  2.8
Long Blades    | 2 5 |  5.8
Evocations     | |  0.8

Action                   |  1- 3 |  4- 6 |  7- 9 | 10-12 || total
-------------------------+-------+-------+-------+-------++-------
Melee: War axe           |    98 |   102 |    97 |       ||   297
       Long sword        |       |       |   164 |    23 ||   187
 Abil: Spit Poison       |     2 |     8 |     7 |       ||    17
Evoke: Wand              |       |     5 |     1 |       ||     6
  Use: Potion            |       |     4 |     1 |       ||     5
 Stab: Paralysed         |       |     4 |     1 |       ||     5
Armor: Scale mail        |    43 |    56 |   172 |     3 ||   274
Dodge: Dodged            |    19 |    29 |   110 |     3 ||   161
Block: Kite shield       |    49 |    68 |   175 |    11 ||   303
       Rpst.: Long sword |       |       |    22 |       ||    22

Table legend: (Time is in decaauts)
 A = Elapsed time spent in this place.
 B = Non-inter-level travel time spent in this place.
 C = Inter-level travel time spent in this place.
 D = Time resting spent in this place.
 E = Time spent auto-exploring this place.
 F = Levels seen in this place.
 G = Mean time per level.
                   A        B        C        D        E       F      G
               +--------+--------+--------+--------+--------+-----+--------+
         Total |  12476 |  11938 |    538 |   1071 |   9526 |  10 | 1247.6 |
       Dungeon |  12430 |  11892 |    538 |   1071 |   9515 |   9 | 1381.1 |
        Temple |     45 |     45 |      0 |      0 |     11 |   1 |   45.0 |
               +--------+--------+--------+--------+--------+-----+--------+

Top non-repeatable levels by time:
     D:6: 2246 daAuts
     D:5: 2201 daAuts
     D:1: 1661 daAuts
     D:4: 1424 daAuts
     D:7: 1168 daAuts
     D:8: 1064 daAuts
     D:2: 904 daAuts
     D:3: 880 daAuts
     D:9: 877 daAuts
  Temple: 45 daAuts
